 Dungeon Crawl Stone Soup version 0.18.1-48-g4cf74bf (webtiles) character file.

307 hairmachine the Conjurer (level 6, -1/36 HPs)
             Began as a High Elf Wizard on July 16, 2016.
             Slain by a slave (6 damage)
             ... led by Pikel
             ... on level 3 of the Dungeon.
             The game lasted 00:15:44 (4741 turns).

hairmachine the Conjurer (High Elf Wizard)          Turns: 4741, Time: 00:15:45

Health: -1/36      AC:  7    Str:  7    XL:     6   Next: 16%
Magic:  5/12       EV: 12    Int: 22    God:
Gold:   302        SH:  0    Dex: 15    Spells: 5 memorised, 1 level left

rFire  . . .     SeeInvis .     o - +1 rapier (protect)
rCold  . . .     Gourm    .     a - +0 robe
rNeg   . . .     Faith    .     (no shield)
rPois  .         Spirit   .     b - +0 hat
rElec  .         Dismiss  .     (no cloak)
rCorr  .         Reflect  .     (no gloves)
SustAt .         Harm     .     (no boots)
MR     .....                    (no amulet)
Stlth  ++........               (no ring)
                                (no ring)

@: repel missiles, not resistant to hostile enchantments, unstealthy
A: no striking features
a: no special abilities


You were on level 3 of the Dungeon.
You were hungry.

You visited 1 branch of the dungeon, and saw 4 of its levels.

You collected 302 gold pieces.

Inventory:

Hand Weapons
 o - a +1 rapier of protection (weapon)
Armour
 a - a +0 robe (worn)
 b - a +0 hat (worn)
Jewellery
 q - an uncursed ring of resist corrosion {unknown}
Wands
 p - a wand of paralysis (10/24)
Scrolls
 j - a scroll of blinking
 k - 3 scrolls of teleportation {unknown}
 m - a scroll of remove curse
Potions
 e - a potion of might
 f - a potion of curing
 g - a potion of flight {unknown}
 h - a potion of degeneration {unknown}
 i - 2 potions of cancellation {unknown}
Books
 c - a book of Minor Magic

   Spells                             Type                      Level
   a - Magic Dart                     Conjuration                  1
   b - Blink                          Translocation                2
   c - Call Imp                       Summoning                    2
   d - Repel Missiles                 Charms/Air                   2
   e - Slow                           Hexes                        2
   f - Conjure Flame                  Conjuration/Fire             3
   g - Mephitic Cloud                 Conjuration/Poison/Air       3
Comestibles
 d - a bread ration
 l - a meat ration
 n - 2 chunks of flesh


   Skills:
 + Level 3.5 Short Blades
 - Level 2.1 Dodging
 - Level 2.1 Stealth
 - Level 3.6 Spellcasting
 - Level 5.2 Conjurations
   Level 0.8 Summonings
 - Level 1.1 Translocations
 - Level 2.7 Air Magic


You had one spell level left.
You knew the following spells:

 Your Spells              Type           Power        Failure   Level  Hunger
a - Magic Dart            Conj           ####         1%          1    None
b - Blink                 Tloc           N/A          12%         2    ##.....
c - Conjure Flame         Conj/Fire      ###.....     12%         3    ###....
d - Mephitic Cloud        Conj/Pois/Air  ###.....     12%         3    ###....
e - Repel Missiles        Chrm/Air       ##....       12%         2    ##.....


Dungeon Overview and Level Annotations

Branches:
Dungeon (4/15)
 Temple: D:4-7

Altars:
Kikubaaqudgha
Nemelex Xobeh
The Shining One

Annotations:
D:2 Sigmund
D:4 Pikel


Message History

The slave barely misses you.
Casting: Magic Dart
Confirm with . or Enter, or press ? or * to list all spells.
Aiming: Magic Dart
Press: ? - help, Shift-Dir - straight line, f/p - slave
Aim: a slave, wearing an animal skin (heavily wounded)
The magic dart hits the slave.
The slave is severely wounded.
The slave misses you.
Casting: Magic Dart
Confirm with . or Enter, or press ? or * to list all spells.
Aiming: Magic Dart
Press: ? - help, Shift-Dir - straight line, f/p - slave
Aim: a slave, wearing an animal skin (severely wounded)
The magic dart hits the slave.
The slave is almost dead.
The slave hits you.
* * * LOW HITPOINT WARNING * * *
The slave hits you.
You die...

#≈≈≈≈≈§≈# #....###..###.
#§..§§§§# ##.............
#≈.≈≈≈.≈# ###..............
###≈.§≈≈.≈#####.........#......
#.#≈.≈≈≈.§##..).#....[..#......
#.#≈....§≈##.####).....##......
#.#≈≈≈÷≈§≈#............##......
#.####'####....##.......#......
#.............@##.......#......
######........p##..............
##........##......######.#
####...............## ##...
#.###........#..##.## ##....
#..##.#.#.....(..#..###⌠.⌠.#
###..#..#...####.......#.._..#
##......###..####.#.......⌠.⌠##
#.........(..............#.....


You could see a slave.

Vanquished Creatures
  A howler monkey (D:3)
  An orc priest (D:3)
  2 orc wizards
  A worker ant (D:3)
  Natasha (D:2)
  5 adders
  A worm (D:3)
  3 dart slugs
  3 giant geckos
  5 orcs
  9 giant cockroaches
  9 goblins
  5 hobgoblins
  A jackal (D:3)
  2 quokkas
  2 ball pythons (D:3)
  5 bats
  5 giant newts
  7 kobolds
  6 rats
74 creatures vanquished.

Notes
Turn   | Place    | Note
--------------------------------------------------------------
     0 | D:1      | hairmachine the High Elf Wizard began the quest for the Orb.
     0 | D:1      | Reached XP level 1. HP: 11/11 MP: 6/6
   302 | D:1      | Reached skill level 2 in Conjurations
   352 | D:1      | Reached XP level 2. HP: 17/17 MP: 0/7
   427 | D:1      | Learned a level 2 spell: Blink
  1060 | D:2      | Reached skill level 3 in Conjurations
  1456 | D:2      | Found a glowing golden altar of the Shining One.
  1487 | D:2      | Reached XP level 3. HP: 16/21 MP: 0/9
  1735 | D:2      | Noticed Sigmund
  1814 | D:3      | Found a sparkling altar of Nemelex Xobeh.
  2136 | D:2      | Learned a level 3 spell: Conjure Flame
  2140 | D:2      | Learned a level 3 spell: Mephitic Cloud
  2240 | D:3      | Found an ancient bone altar of Kikubaaqudgha.
  2420 | D:2      | Reached skill level 4 in Conjurations
  2750 | D:2      | Noticed Natasha
  2757 | D:2      | Killed Natasha
  2757 | D:2      | Reached XP level 4. HP: 6/27 MP: 5/10
  3290 | D:2      | Reached skill level 5 in Conjurations
  3587 | D:3      | Reached XP level 5. HP: 4/31 MP: 1/11
  3624 | D:3      | HP: 1/31 [worker ant (1)]
  3835 | D:3      | Reached skill level 1 in Short Blades
  3964 | D:3      | Learned a level 2 spell: Repel Missiles
  4264 | D:3      | Reached XP level 6. HP: 36/36 MP: 6/12
  4618 | D:4      | Noticed a slave
  4622 | D:4      | Noticed Pikel
  4741 | D:3      | Slain by a slave

Skill      XL: |  1  2  3  4  5  6 |
---------------+-------------------+-----
Conjurations   | 2 3 4 5 |  5.2
Air Magic      | 2 |  2.7
Short Blades   | 2 3 |  3.5
Dodging        | |  2.1
Stealth        | |  2.1
Spellcasting   | |  3.6
Summonings     | |  0.8
Translocations | |  1.1

Action                   |  1- 3 |  4- 6 || total
-------------------------+-------+-------++-------
Melee: Short sword       |     8 |     5 ||    13
       Dagger            |     5 |       ||     5
       Rapier            |       |    26 ||    26
 Cast: Magic Dart        |    85 |    95 ||   180
       Blink             |       |     4 ||     4
       Conjure Flame     |       |     1 ||     1
       Repel Missiles    |       |     1 ||     1
  Use: Scroll            |     4 |       ||     4
       Potion            |     1 |     2 ||     3
 Stab: Distracted        |     1 |       ||     1
  Eat: Chunk             |     5 |     6 ||    11
Armor: Robe              |     4 |    17 ||    21
Dodge: Dodged            |    22 |    30 ||    52
       Deflected         |       |     1 ||     1
